 Dungeon Crawl Stone Soup version 0.20.1-1-g8b1a95d (webtiles) character file.

100 polve the Poker (level 4, 0/33 HPs)
             Began as a Merfolk Skald on July 18, 2017.
             Slain by a goblin
             ... wielding a +0 club
             ... led by Robin
              (2 damage)
             ... on level 2 of the Dungeon.
             The game lasted 00:04:16 (2794 turns).

polve the Poker (Merfolk Skald)                     Turns: 2794, Time: 00:04:16

Health: 0/33       AC:  4    Str: 11    XL:     4   Next: 74%
Magic:  7/7        EV: 12    Int: 13    God:
Gold:   66         SH:  6    Dex: 13    Spells: 1/7 levels left

rFire    . . .     SeeInvis .   a - +0 spear
rCold    . . .     Gourm    .   f - +2 buckler
rNeg     . . .     Faith    .   b - +0 leather armour
rPois    .         Spirit   .   q - +0 helmet
rElec    .         Reflect  .   (no cloak)
rCorr    .         Harm     .   (no gloves)
MR       .....                  (no boots)
Stlth    +.........             e - amulet of magic regeneration
Regen    0.2/turn               (no ring)
MPRegen  0.2/turn               (no ring)

@: flying, hasted, very quick
A: change form in water, swift swim, stealthy swim
a: no special abilities


You were on level 2 of the Dungeon.
You were hungry.

You visited 1 branch of the dungeon, and saw 2 of its levels.

You collected 66 gold pieces.

Inventory:

Hand Weapons
 a - a +0 spear (weapon)
Armour
 b - a +0 leather armour (worn)
 f - a +2 buckler (worn)
 q - a +0 helmet (worn)
Jewellery
 e - an amulet of magic regeneration (around neck)
Wands
 u - a wand of iceblast (13/15)
Scrolls
 h - a scroll of fog
 m - 2 scrolls of identify {unknown}
 n - a scroll of random uselessness {unknown}
 o - 2 scrolls of teleportation {unknown}
 p - 2 scrolls of blinking
 r - a scroll of enchant weapon {unknown}
 s - a scroll of noise {unknown}
Potions
 k - 2 potions of haste
 t - a potion of brilliance {unknown}
 v - a potion of agility {unknown}
Books
 c - a book of Battle

   Spells                             Type                      Level
   a - Infusion                       Charms                       1
   b - Shroud of Golubria             Charms/Translocation         2
   c - Song of Slaying                Charms                       2
   d - Spectral Weapon                Hexes/Charms                 3
   e - Regeneration                   Charms/Necromancy            3
Comestibles
 d - a bread ration
 i - a royal jelly
 l - a meat ration


   Skills:
 - Level 2.1 Fighting
 + Level 4.2 Polearms
 - Level 0.6 Armour
 - Level 2.6 Dodging
 * Level 2.8 Shields
 - Level 2.0 Spellcasting
 + Level 0.2 Hexes
 - Level 4.0 Charms
 + Level 0.2 Translocations


You had one spell level left.
You knew the following spells:

 Your Spells              Type           Power        Failure   Level  Hunger
a - Infusion              Chrm           ##..         8%          1    ##.....
b - Shroud of Golubria    Chrm/Tloc      #.........   26%         2    ###....
c - Spectral Weapon       Hex/Chrm       #.......     45%         3    ####...


Dungeon Overview and Level Annotations

Branches:
Dungeon (2/15)

Altars:

Annotations:
D:2 Robin, Terence


Message History

You block the goblin's attack. The hobgoblin hits you.
* * * LOW HITPOINT WARNING * * *
The goblin shoots a stone.
The stone closely misses you.
You see here a stone.
The hobgoblin hits you.
* * * LOW HITPOINT WARNING * * *
The hobgoblin no longer looks unusually strong.
Robin throws the goblin at you! The goblin barely misses you.
You closely miss the goblin. The goblin hits you with a club.
* * * LOW HITPOINT WARNING * * *
The goblin closely misses you.
It was a potion of haste.
You feel yourself speed up. The goblin hits you with a club.
* * * LOW HITPOINT WARNING * * *
The hobgoblin hits you but does no damage.
The goblin barely misses you.
It was a potion of flight.
You feel very buoyant.
You fly up into the air.
The goblin hits you with a club.
You die...

#..##..####........#
..........#........#
...................#
..........#........#
..........#........#
..........#.>......#
........g.######.###
.........g######g#
.........g†g>.##@##
...##.#######.)#gg#
......# ##.##g#
..)...# #.##g#
..#..##
##..#.####### ..#..#
##.g..(#.....##
.##..###
##.............##
..(....#
#...............#
.......#
#...............#


You could see Robin, 2 hobgoblins and 2 goblins.

Vanquished Creatures
  A gnoll (D:1)
  3 adders (D:2)
  A worm (D:2)
  3 dart slugs (D:1)
  A leopard gecko (D:2)
  11 goblins
  11 hobgoblins
  3 quokkas
  4 bats
  6 frilled lizards
  4 kobolds
  5 rats
53 creatures vanquished.

Notes
Turn   | Place    | Note
-------+----------+-------------------------------------------
     0 | D:1      | polve the Merfolk Skald began the quest for the Orb.
     0 | D:1      | Reached XP level 1. HP: 16/16 MP: 3/3
   288 | D:1      | Reached XP level 2. HP: 22/22 MP: 1/5
   384 | D:1      | Reached skill level 1 in Shields
   801 | D:1      | Reached XP level 3. HP: 10/27 MP: 0/6
  1645 | D:1      | Reached XP level 4. HP: 6/33 MP: 3/7
  2429 | D:2      | Learned a level 2 spell: Shroud of Golubria
  2433 | D:2      | Learned a level 3 spell: Spectral Weapon
  2454 | D:2      | Noticed Terence
  2491 | D:2      | Noticed Robin
  2794 | D:2      | Slain by a goblin

Skill      XL: |  1  2  3  4 |
---------------+-------------+-----
Shields        | 1 2 |  2.8
Polearms       | 4 |  4.2
Charms         | 4 |  4.0
Fighting       | |  2.1
Armour         | |  0.6
Dodging        | |  2.6
Spellcasting   | |  2.0
Hexes          | |  0.2
Translocations | |  0.2

Action                   |  1- 3 |  4- 6 || total
-------------------------+-------+-------++-------
Melee: Spear             |   122 |    73 ||   195
 Cast: Infusion          |    15 |    10 ||    25
  Use: Scroll            |     3 |       ||     3
       Potion            |       |     2 ||     2
 Stab: Sleeping          |     1 |       ||     1
  Eat: Chunk             |     3 |     3 ||     6
Armor: Leather armour    |    20 |    14 ||    34
Dodge: Dodged            |    53 |    31 ||    84
Block: Buckler           |    19 |    19 ||    38
